[ PARTIDA AOE2 · #476529812 ]
UnrankedMongoles vs Franks
Equipo del jugador · DERR
Equipo rival · VICT
[ ANÁLISIS DE REPETICIÓN · EXTRAÍDO DE LA PARTIDA GRABADA ]
Feudal
9:09
Castillos
14:57
Imperial
34:01
| APM promedio | 33.9 |
| APM pico | 87 |
| eAPM promedio | 20.9 |
| Aldeanos / militares | 616 / 2201 |
Foco
⚔️ 39.2% · 🌾 60.8%
Scout Cavalry ×1437 · Mangudai ×369 · Battering Ram ×151 · Spearman ×67 · Militia ×45 · Mangonel ×37
Feudal
10:12
Castillos
14:07
Imperial
29:44
| APM promedio | 9.4 |
| APM pico | 79 |
| eAPM promedio | 6.0 |
| Aldeanos / militares | 240 / 358 |
Foco
⚔️ 25.0% · 🌾 75.0%
Scout Cavalry ×150 · Spearman ×115 · Mameluke ×59 · Mangonel ×15 · Bombard Cannon ×15 · Monk ×4
Feudal
12:23
Castillos
16:43
Imperial
—
| APM promedio | 4.1 |
| APM pico | 66 |
| eAPM promedio | 2.3 |
| Aldeanos / militares | 51 / 4 |
Foco
⚔️ 15.8% · 🌾 84.2%
Armored Elephant ×4
Feudal
—
Castillos
—
Imperial
—
| APM promedio | 8.0 |
| APM pico | 52 |
| eAPM promedio | 5.8 |
| Aldeanos / militares | 79 / 438 |
Foco
⚔️ 58.9% · 🌾 41.1%
Skirmisher ×121 · Scout Cavalry ×89 · Janissary ×71 · Hand Cannoneer ×42 · Cavalry Archer ×34 · Spearman ×26
Feudal
—
Castillos
—
Imperial
—
| APM promedio | 0.4 |
| APM pico | 20 |
| eAPM promedio | 0.1 |
| Aldeanos / militares | 5 / 0 |
Foco
⚔️ 0.0% · 🌾 100.0%
Feudal
10:45
Castillos
14:22
Imperial
30:15
| APM promedio | 16.8 |
| APM pico | 88 |
| eAPM promedio | 9.0 |
| Aldeanos / militares | 355 / 362 |
Foco
⚔️ 24.3% · 🌾 75.7%
Scout Cavalry ×130 · Battle Elephant ×117 · Ballista Elephant ×54 · Scorpion ×25 · Battering Ram ×20 · Trebuchet (Packed) ×16
Feudal
11:41
Castillos
15:15
Imperial
33:04
| APM promedio | 20.8 |
| APM pico | 83 |
| eAPM promedio | 14.3 |
| Aldeanos / militares | 294 / 1793 |
Foco
⚔️ 44.1% · 🌾 55.9%
Scout Cavalry ×1501 · Unknown (1920) ×534 · Skirmisher ×240 · Cavalry Archer ×20 · Trebuchet (Packed) ×17 · Archer ×15
Feudal
13:20
Castillos
20:20
Imperial
38:53
| APM promedio | 13.4 |
| APM pico | 113 |
| eAPM promedio | 9.1 |
| Aldeanos / militares | 191 / 1527 |
Foco
⚔️ 47.8% · 🌾 52.2%
Fire Lancer ×413 · Spearman ×271 · Knight ×226 · Skirmisher ×165 · Chu Ko Nu ×160 · Scout Cavalry ×135
Mapa de la partida
Recursos iniciales + cada clic de construcción. Líneas = muros · curvas = relieve. ◆ oro · ⬟ piedra · ● bayas · ✦ reliquia · ◌ hueco del cierre
Tu base· Abierta — hueco de 5t
Base de gabrieldemarmiesse· Abierta — hueco de 7t
Base de DM astropolis· Abierta — hueco de 8t
Base de ntp5545· ✓ Cerrada en 23:56 · 22t muro · 3 puerta(s)
Base de TO VICTORY!!!· Abierta — flanco sin cerrar
Base de Alex· Abierta — flanco sin cerrar
Base de Bob The Flop· Abierta — flanco sin cerrar
Base de Goldies· Abierta — flanco sin cerrar
Terreno inicial suavizado · ◌ = hueco del cierre detectado · pasá el cursor para detalles
Inputs por minuto
— zeus - - gabrieldemarmiesse
Build order — zeus
Primeras 150 de 1634 acciones detectadas
| 0:25 | Construir | Town Center |
| 0:51 | Construir | Lumber Camp |
| 1:34 | Construir | House |
| 1:38 | Construir | House |
| 1:48 | Construir | House |
| 1:50 | Construir | House |
| 2:24 | Crear | Villager (Male) |
| 2:24 | Crear | Villager (Male) |
| 2:24 | Crear | Villager (Male) |
| 2:24 | Crear | Villager (Male) |
| 2:59 | Investigar | Loom |
| 3:41 | Crear | Villager (Male) |
| 3:42 | Crear | Villager (Male) |
| 3:53 | Investigar | Loom |
| 3:53 | Investigar | Loom |
| 4:17 | Construir | Mill |
| 4:31 | Construir | House |
| 4:59 | Crear | Villager (Male) |
| 4:59 | Crear | Villager (Male) |
| 5:01 | Crear | Villager (Male) |
| 5:41 | Crear | Villager (Male) |
| 6:51 | Investigar | Feudal Age |
| 6:57 | Construir | House |
| 7:07 | Construir | Mining Camp |
| 7:40 | Construir | Farm |
| 7:41 | Construir | Farm |
| 7:48 | Construir | Farm |
| 7:49 | Construir | Farm |
| 7:53 | Construir | Farm |
| 8:30 | Construir | House |
| 8:33 | Construir | House |
| 8:54 | Construir | Farm |
| 9:09 | Edad | Edad Feudal |
| 9:14 | Investigar | Town Watch |
| 9:15 | Crear | Villager (Male) |
| 9:15 | Crear | Villager (Male) |
| 9:56 | Construir | Market |
| 10:03 | Crear | Villager (Male) |
| 10:27 | Construir | House |
| 10:31 | Crear | Villager (Male) |
| 10:49 | Crear | Villager (Male) |
| 11:07 | Construir | Blacksmith |
| 11:41 | Construir | Farm |
| 11:52 | Crear | Villager (Male) |
| 12:10 | Construir | Outpost |
| 12:13 | Investigar | Castle Age |
| 12:56 | Construir | Outpost |
| 13:01 | Crear | Villager (Male) |
| 13:01 | Crear | Villager (Male) |
| 13:06 | Investigar | Double-Bit Axe |
| 13:17 | Investigar | Fletching |
| 13:29 | Construir | Outpost |
| 13:37 | Construir | House |
| 13:43 | Crear | Villager (Male) |
| 13:43 | Crear | Villager (Male) |
| 13:53 | Construir | House |
| 13:56 | Construir | Palisade Wall |
| 14:36 | Construir | Farm |
| 14:38 | Construir | Farm |
| 14:49 | Construir | Barracks |
| 14:57 | Edad | Edad de los Castillos |
| 15:18 | Construir | Castle |
| 15:46 | Crear | Villager (Male) |
| 15:46 | Crear | Villager (Male) |
| 15:50 | Construir | Siege Workshop |
| 16:27 | Crear | Villager (Male) |
| 16:27 | Crear | Villager (Male) |
| 16:54 | Construir | Outpost |
| 17:16 | Construir | Mining Camp |
| 17:20 | Crear | Villager (Male) |
| 17:24 | Investigar | Gold Mining |
| 17:41 | Construir | Outpost |
| 17:44 | Construir | Outpost |
| 17:51 | Crear | Villager (Male) |
| 17:52 | Crear | Villager (Male) |
| 18:08 | Crear | Mangonel |
| 18:08 | Crear | Mangonel |
| 18:22 | Crear | Mangudai |
| 18:27 | Crear | Villager (Male) |
| 18:35 | Crear | Villager (Male) |
| 18:48 | Crear | Mangudai |
| 19:34 | Crear | Mangudai |
| 19:34 | Crear | Mangudai |
| 20:04 | Crear | Villager (Male) |
| 20:05 | Crear | Villager (Male) |
| 20:05 | Crear | Villager (Male) |
| 20:14 | Construir | Town Center |
| 20:45 | Crear | Villager (Male) |
| 20:53 | Crear | Battering Ram |
| 21:10 | Crear | Villager (Male) |
| 21:15 | Construir | House |
| 21:17 | Construir | House |
| 21:21 | Construir | House |
| 21:30 | Construir | Palisade Wall |
| 21:38 | Crear | Villager (Male) |
| 21:44 | Construir | Farm |
| 21:44 | Construir | Farm |
| 21:44 | Construir | Farm |
| 21:45 | Construir | Farm |
| 21:46 | Construir | Farm |
| 22:10 | Construir | Barracks |
| 22:18 | Construir | Lumber Camp |
| 22:34 | Crear | Villager (Male) |
| 22:34 | Crear | Villager (Male) |
| 22:50 | Construir | Monastery |
| 22:57 | Crear | Villager (Male) |
| 22:57 | Crear | Villager (Male) |
| 23:05 | Construir | Farm |
| 23:06 | Construir | Farm |
| 23:22 | Crear | Villager (Male) |
| 23:28 | Construir | Farm |
| 23:29 | Construir | Farm |
| 23:30 | Construir | Farm |
| 23:37 | Construir | Farm |
| 23:38 | Construir | Farm |
| 23:40 | Crear | Villager (Male) |
| 24:18 | Construir | House |
| 24:19 | Construir | House |
| 24:20 | Construir | House |
| 24:25 | Crear | Villager (Male) |
| 24:26 | Crear | Villager (Male) |
| 24:29 | Crear | Villager (Male) |
| 24:40 | Construir | Town Center |
| 24:49 | Crear | Mangudai |
| 24:50 | Crear | Mangudai |
| 24:50 | Crear | Mangudai |
| 24:52 | Crear | Mangudai |
| 25:08 | Construir | Farm |
| 25:10 | Construir | Farm |
| 25:12 | Crear | Villager (Male) |
| 25:12 | Crear | Villager (Male) |
| 25:19 | Crear | Villager (Male) |
| 25:19 | Crear | Villager (Male) |
| 25:21 | Construir | Farm |
| 25:25 | Construir | Farm |
| 25:27 | Crear | Villager (Male) |
| 25:57 | Construir | Farm |
| 25:58 | Construir | Farm |
| 26:00 | Crear | Villager (Male) |
| 26:00 | Crear | Villager (Male) |
| 26:25 | Construir | Stable |
| 26:29 | Construir | Farm |
| 26:29 | Crear | Villager (Male) |
| 26:30 | Crear | Villager (Male) |
| 26:44 | Construir | Outpost |
| 26:53 | Investigar | Stone Mining |
| 26:59 | Investigar | Bow Saw |
| 27:06 | Investigar | Horse Collar |
| 27:20 | Crear | Villager (Male) |
| 27:21 | Crear | Villager (Male) |
Build order — gabrieldemarmiesse
Primeras 150 de 672 acciones detectadas
| 0:12 | Construir | Town Center |
| 0:29 | Construir | House |
| 0:30 | Construir | House |
| 0:31 | Construir | House |
| 0:31 | Construir | House |
| 1:47 | Crear | Villager (Male) |
| 1:47 | Crear | Villager (Male) |
| 1:47 | Crear | Villager (Male) |
| 1:47 | Crear | Villager (Male) |
| 2:00 | Construir | Lumber Camp |
| 3:00 | Crear | Villager (Male) |
| 3:07 | Crear | Villager (Male) |
| 4:02 | Crear | Villager (Male) |
| 4:02 | Crear | Villager (Male) |
| 4:20 | Crear | Villager (Male) |
| 4:29 | Crear | Villager (Male) |
| 4:41 | Crear | Villager (Male) |
| 5:39 | Crear | Villager (Male) |
| 5:46 | Crear | Villager (Male) |
| 6:00 | Construir | Mill |
| 6:17 | Crear | Villager (Male) |
| 6:47 | Crear | Villager (Male) |
| 6:48 | Crear | Villager (Male) |
| 7:01 | Construir | House |
| 7:02 | Construir | House |
| 7:39 | Crear | Villager (Male) |
| 7:47 | Investigar | Feudal Age |
| 9:22 | Crear | Villager (Male) |
| 9:26 | Construir | House |
| 10:04 | Crear | Villager (Male) |
| 10:12 | Edad | Edad Feudal |
| 10:18 | Crear | Villager (Male) |
| 10:22 | Construir | Market |
| 10:24 | Construir | Blacksmith |
| 10:56 | Crear | Villager (Male) |
| 11:11 | Investigar | Castle Age |
| 11:37 | Investigar | Double-Bit Axe |
| 11:37 | Investigar | Horse Collar |
| 12:02 | Crear | Villager (Male) |
| 12:03 | Construir | House |
| 14:07 | Edad | Edad de los Castillos |
| 14:14 | Crear | Villager (Male) |
| 14:17 | Construir | Town Center |
| 14:25 | Construir | Town Center |
| 14:35 | Investigar | Bow Saw |
| 14:36 | Investigar | Heavy Plow |
| 14:47 | Crear | Villager (Male) |
| 14:59 | Crear | Villager (Male) |
| 15:23 | Construir | Town Center |
| 15:26 | Crear | Villager (Male) |
| 15:38 | Crear | Villager (Male) |
| 15:38 | Crear | Villager (Male) |
| 15:43 | Construir | Farm |
| 15:44 | Construir | Farm |
| 15:44 | Construir | Farm |
| 15:45 | Construir | Farm |
| 15:45 | Construir | Farm |
| 15:45 | Construir | Farm |
| 15:45 | Construir | Farm |
| 15:50 | Construir | Farm |
| 15:51 | Crear | Villager (Male) |
| 16:00 | Construir | Farm |
| 16:01 | Crear | Villager (Male) |
| 16:06 | Construir | Farm |
| 16:13 | Construir | Farm |
| 16:14 | Crear | Villager (Male) |
| 16:17 | Crear | Villager (Male) |
| 16:18 | Crear | Villager (Male) |
| 16:39 | Crear | Villager (Male) |
| 16:53 | Crear | Villager (Male) |
| 16:55 | Construir | Farm |
| 17:03 | Construir | Farm |
| 17:04 | Construir | Farm |
| 17:06 | Construir | Farm |
| 17:07 | Crear | Villager (Male) |
| 17:08 | Crear | Villager (Male) |
| 17:13 | Construir | House |
| 17:16 | Crear | Villager (Male) |
| 17:17 | Crear | Villager (Male) |
| 17:20 | Construir | House |
| 17:20 | Construir | House |
| 17:20 | Construir | House |
| 17:21 | Construir | House |
| 17:21 | Construir | House |
| 17:21 | Construir | House |
| 17:24 | Construir | Farm |
| 17:26 | Crear | Villager (Male) |
| 17:27 | Construir | Farm |
| 17:35 | Crear | Villager (Male) |
| 17:36 | Construir | Farm |
| 17:46 | Construir | Farm |
| 17:49 | Construir | Farm |
| 17:51 | Crear | Villager (Male) |
| 17:55 | Construir | Farm |
| 17:57 | Crear | Villager (Male) |
| 18:00 | Crear | Villager (Male) |
| 18:03 | Construir | Farm |
| 18:10 | Construir | Farm |
| 18:14 | Crear | Villager (Male) |
| 18:21 | Crear | Villager (Male) |
| 18:24 | Construir | Farm |
| 18:28 | Construir | Farm |
| 18:30 | Crear | Villager (Male) |
| 18:37 | Construir | Farm |
| 18:38 | Crear | Villager (Male) |
| 18:45 | Construir | Farm |
| 18:48 | Construir | Farm |
| 18:49 | Crear | Villager (Male) |
| 18:50 | Crear | Villager (Male) |
| 19:00 | Construir | Farm |
| 19:01 | Crear | Villager (Male) |
| 19:02 | Crear | Villager (Male) |
| 19:02 | Crear | Villager (Male) |
| 19:04 | Construir | Farm |
| 19:05 | Crear | Villager (Male) |
| 19:09 | Construir | Farm |
| 19:10 | Crear | Villager (Male) |
| 19:19 | Construir | Farm |
| 19:20 | Construir | Farm |
| 19:24 | Crear | Villager (Male) |
| 19:29 | Construir | Farm |
| 19:30 | Crear | Villager (Male) |
| 19:33 | Crear | Villager (Male) |
| 19:36 | Construir | Farm |
| 19:38 | Crear | Villager (Male) |
| 19:43 | Construir | Farm |
| 19:45 | Crear | Villager (Male) |
| 19:48 | Construir | House |
| 19:49 | Construir | House |
| 19:49 | Construir | House |
| 19:49 | Construir | House |
| 19:50 | Construir | House |
| 19:50 | Construir | House |
| 19:50 | Construir | House |
| 19:50 | Construir | House |
| 19:50 | Construir | House |
| 19:51 | Construir | House |
| 19:52 | Construir | House |
| 19:54 | Crear | Villager (Male) |
| 19:57 | Construir | House |
| 20:01 | Crear | Villager (Male) |
| 20:11 | Construir | Farm |
| 20:12 | Crear | Villager (Male) |
| 20:13 | Crear | Villager (Male) |
| 20:28 | Crear | Villager (Male) |
| 20:28 | Crear | Villager (Male) |
| 20:30 | Construir | Lumber Camp |
| 20:37 | Crear | Villager (Male) |
| 20:38 | Crear | Villager (Male) |
| 20:46 | Crear | Villager (Male) |
Build order — DM astropolis
113 acciones detectadas en el replay
| 0:26 | Construir | Town Center |
| 1:17 | Construir | Palisade Wall |
| 1:20 | Construir | Palisade Wall |
| 1:25 | Construir | Palisade Wall |
| 1:29 | Construir | Palisade Wall |
| 1:46 | Construir | House |
| 1:47 | Construir | House |
| 1:48 | Construir | House |
| 1:50 | Construir | House |
| 1:51 | Construir | House |
| 2:04 | Crear | Villager (Male) |
| 2:04 | Crear | Villager (Male) |
| 2:05 | Crear | Villager (Male) |
| 2:06 | Investigar | Loom |
| 2:06 | Investigar | Loom |
| 2:09 | Investigar | Loom |
| 2:10 | Crear | Villager (Male) |
| 2:10 | Crear | Villager (Male) |
| 2:10 | Crear | Villager (Male) |
| 2:18 | Crear | Villager (Male) |
| 2:18 | Crear | Villager (Male) |
| 2:19 | Crear | Villager (Male) |
| 3:07 | Construir | House |
| 3:25 | Construir | Mill |
| 4:15 | Crear | Villager (Male) |
| 4:16 | Crear | Villager (Male) |
| 4:45 | Crear | Villager (Male) |
| 4:46 | Crear | Villager (Male) |
| 4:49 | Crear | Villager (Male) |
| 4:49 | Crear | Villager (Male) |
| 4:49 | Crear | Villager (Male) |
| 4:55 | Construir | Mill |
| 5:13 | Crear | Villager (Male) |
| 5:13 | Crear | Villager (Male) |
| 6:03 | Crear | Villager (Male) |
| 6:03 | Crear | Villager (Male) |
| 6:04 | Crear | Villager (Male) |
| 6:25 | Construir | House |
| 6:27 | Construir | House |
| 6:29 | Construir | Barracks |
| 6:51 | Crear | Villager (Male) |
| 6:52 | Crear | Villager (Male) |
| 6:52 | Crear | Villager (Male) |
| 6:52 | Crear | Villager (Male) |
| 6:52 | Crear | Villager (Male) |
| 7:13 | Crear | Villager (Male) |
| 7:42 | Crear | Villager (Male) |
| 7:42 | Crear | Villager (Male) |
| 7:55 | Crear | Villager (Male) |
| 7:56 | Crear | Villager (Male) |
| 7:56 | Crear | Villager (Male) |
| 7:56 | Crear | Villager (Male) |
| 7:56 | Crear | Villager (Male) |
| 8:39 | Crear | Villager (Male) |
| 8:40 | Crear | Villager (Male) |
| 8:45 | Construir | Lumber Camp |
| 10:07 | Investigar | Feudal Age |
| 10:07 | Investigar | Feudal Age |
| 10:08 | Investigar | Feudal Age |
| 10:21 | Construir | Mill |
| 10:30 | Crear | Villager (Male) |
| 10:30 | Crear | Villager (Male) |
| 11:39 | Crear | Villager (Male) |
| 11:54 | Construir | Mill |
| 12:14 | Crear | Villager (Male) |
| 12:23 | Edad | Edad Feudal |
| 12:26 | Construir | Market |
| 12:28 | Construir | Blacksmith |
| 12:36 | Construir | Market |
| 12:40 | Construir | House |
| 12:53 | Construir | Mining Camp |
| 12:57 | Construir | Mining Camp |
| 13:27 | Investigar | Double-Bit Axe |
| 13:41 | Investigar | Castle Age |
| 13:41 | Investigar | Castle Age |
| 14:12 | Construir | Mill |
| 14:21 | Crear | Villager (Male) |
| 14:36 | Investigar | Stone Mining |
| 14:48 | Construir | Mill |
| 15:25 | Construir | Mining Camp |
| 15:30 | Investigar | Fletching |
| 15:55 | Crear | Villager (Male) |
| 16:43 | Edad | Edad de los Castillos |
| 16:46 | Construir | Town Center |
| 17:03 | Construir | Siege Workshop |
| 17:13 | Crear | Villager (Male) |
| 17:14 | Crear | Villager (Male) |
| 17:28 | Crear | Armored Elephant |
| 17:29 | Crear | Armored Elephant |
| 17:42 | Crear | Villager (Male) |
| 17:42 | Crear | Villager (Male) |
| 17:42 | Crear | Villager (Male) |
| 17:54 | Crear | Armored Elephant |
| 18:08 | Crear | Villager (Male) |
| 18:55 | Crear | Armored Elephant |
| 19:35 | Construir | Castle |
| 19:44 | Crear | Villager (Male) |
| 19:45 | Crear | Villager (Male) |
| 19:45 | Crear | Villager (Male) |
| 19:49 | Construir | Farm |
| 19:50 | Construir | Farm |
| 19:50 | Construir | Farm |
| 19:50 | Construir | Farm |
| 19:50 | Construir | Farm |
| 19:50 | Construir | Farm |
| 19:51 | Construir | Farm |
| 19:54 | Construir | House |
| 19:54 | Construir | House |
| 19:55 | Construir | House |
| 19:55 | Construir | House |
| 19:55 | Construir | House |
| 19:55 | Construir | House |
| 19:56 | Construir | House |
Build order — ntp5545
Primeras 150 de 706 acciones detectadas
| 0:24 | Construir | Town Center |
| 3:19 | Construir | House |
| 3:25 | Construir | House |
| 3:29 | Construir | House |
| 3:48 | Crear | Villager (Male) |
| 3:49 | Crear | Villager (Male) |
| 3:49 | Crear | Villager (Male) |
| 3:49 | Crear | Villager (Male) |
| 3:49 | Crear | Villager (Male) |
| 3:50 | Crear | Villager (Male) |
| 3:51 | Investigar | Loom |
| 6:33 | Crear | Villager (Male) |
| 6:34 | Crear | Villager (Male) |
| 6:57 | Construir | Lumber Camp |
| 7:44 | Crear | Villager (Male) |
| 7:45 | Crear | Villager (Male) |
| 7:56 | Construir | Mill |
| 8:33 | Construir | Mining Camp |
| 9:03 | Construir | Lumber Camp |
| 9:55 | Crear | Villager (Male) |
| 10:54 | Investigar | Feudal Age |
| 11:04 | Construir | House |
| 11:08 | Construir | House |
| 11:13 | Construir | House |
| 11:46 | Construir | Mining Camp |
| 13:11 | Crear | Villager (Male) |
| 13:11 | Crear | Villager (Male) |
| 13:12 | Crear | Villager (Male) |
| 13:12 | Crear | Villager (Male) |
| 13:12 | Crear | Villager (Male) |
| 13:12 | Crear | Villager (Male) |
| 13:15 | Crear | Villager (Male) |
| 13:15 | Crear | Villager (Male) |
| 13:15 | Crear | Villager (Male) |
| 13:16 | Crear | Villager (Male) |
| 13:43 | Construir | Watch Tower |
| 14:06 | Construir | Barracks |
| 14:23 | Construir | Gate |
| 14:36 | Construir | Stone Wall |
| 15:01 | Construir | Farm |
| 15:20 | Construir | Stone Wall |
| 15:30 | Construir | Gate |
| 15:41 | Construir | Farm |
| 16:08 | Construir | Market |
| 16:21 | Construir | Farm |
| 17:04 | Construir | Watch Tower |
| 17:31 | Construir | Farm |
| 17:42 | Crear | Villager (Male) |
| 17:43 | Crear | Villager (Male) |
| 17:43 | Crear | Villager (Male) |
| 17:43 | Crear | Villager (Male) |
| 17:43 | Crear | Villager (Male) |
| 17:44 | Crear | Villager (Male) |
| 17:44 | Crear | Villager (Male) |
| 17:44 | Crear | Villager (Male) |
| 17:45 | Crear | Villager (Male) |
| 18:24 | Construir | Stone Wall |
| 18:35 | Construir | Gate |
| 18:43 | Construir | Stone Wall |
| 18:51 | Construir | Farm |
| 19:09 | Construir | Mining Camp |
| 19:32 | Construir | Farm |
| 19:42 | Construir | Farm |
| 20:00 | Construir | Watch Tower |
| 20:11 | Construir | Watch Tower |
| 20:21 | Construir | House |
| 20:33 | Construir | House |
| 20:42 | Crear | Villager (Male) |
| 20:43 | Crear | Villager (Male) |
| 20:43 | Crear | Villager (Male) |
| 22:46 | Construir | Archery Range |
| 23:00 | Construir | Watch Tower |
| 23:37 | Construir | Watch Tower |
| 23:52 | Construir | Farm |
| 23:56 | Investigar | Castle Age |
| 24:15 | Construir | House |
| 24:19 | Construir | House |
| 24:22 | Construir | House |
| 24:45 | Investigar | Double-Bit Axe |
| 25:51 | Construir | Blacksmith |
| 26:28 | Construir | Mining Camp |
| 26:40 | Investigar | Padded Archer Armor |
| 27:00 | Construir | Castle |
| 27:05 | Crear | Cavalry Archer |
| 27:06 | Crear | Cavalry Archer |
| 27:07 | Crear | Cavalry Archer |
| 27:08 | Crear | Cavalry Archer |
| 27:08 | Crear | Cavalry Archer |
| 27:19 | Construir | House |
| 27:23 | Construir | House |
| 27:27 | Construir | House |
| 27:34 | Crear | Villager (Male) |
| 27:35 | Crear | Villager (Male) |
| 27:35 | Crear | Villager (Male) |
| 27:35 | Crear | Villager (Male) |
| 27:36 | Crear | Villager (Male) |
| 27:36 | Crear | Villager (Male) |
| 27:36 | Crear | Villager (Male) |
| 27:36 | Crear | Villager (Male) |
| 27:37 | Crear | Villager (Male) |
| 27:37 | Crear | Villager (Male) |
| 27:37 | Crear | Villager (Male) |
| 27:37 | Crear | Villager (Male) |
| 27:38 | Crear | Villager (Male) |
| 28:36 | Construir | University |
| 28:51 | Investigar | Leather Archer Armor |
| 29:18 | Crear | Cavalry Archer |
| 29:19 | Crear | Cavalry Archer |
| 29:20 | Crear | Cavalry Archer |
| 29:43 | Investigar | Scale Mail Armor |
| 30:16 | Construir | Mining Camp |
| 30:29 | Construir | Watch Tower |
| 30:41 | Construir | Stable |
| 30:46 | Crear | Cavalry Archer |
| 30:57 | Construir | House |
| 31:02 | Construir | House |
| 31:41 | Investigar | Chain Mail Armor |
| 31:56 | Construir | Farm |
| 32:29 | Construir | Watch Tower |
| 32:36 | Crear | Janissary |
| 32:37 | Crear | Janissary |
| 33:16 | Construir | Farm |
| 33:22 | Investigar | Imperial Age |
| 34:08 | Construir | Farm |
| 34:19 | Construir | Farm |
| 34:28 | Crear | Scout Cavalry |
| 34:32 | Crear | Janissary |
| 34:44 | Construir | House |
| 34:48 | Construir | House |
| 34:52 | Construir | House |
| 34:57 | Construir | House |
| 35:16 | Construir | Town Center |
| 35:24 | Crear | Janissary |
| 35:25 | Crear | Janissary |
| 36:10 | Investigar | Guard Tower (upgrade) |
| 36:28 | Construir | Stone Wall |
| 36:34 | Construir | Gate |
| 36:42 | Construir | Stone Wall |
| 37:08 | Construir | Castle |
| 37:28 | Investigar | Ring Archer Armor |
| 37:51 | Investigar | Tech 909 |
| 37:57 | Crear | Trebuchet (Packed) |
| 38:11 | Crear | Janissary |
| 38:27 | Construir | Watch Tower |
| 38:53 | Construir | Mining Camp |
| 39:12 | Construir | Siege Workshop |
| 39:19 | Construir | Archery Range |
| 39:34 | Crear | Villager (Male) |
| 39:35 | Crear | Villager (Male) |
| 39:35 | Crear | Villager (Male) |
Build order — TO VICTORY!!!
7 acciones detectadas en el replay
| 2:21 | Construir | Town Center |
| 4:37 | Construir | Mining Camp |
| 5:34 | Crear | Villager (Male) |
| 5:34 | Crear | Villager (Male) |
| 5:35 | Crear | Villager (Male) |
| 5:35 | Crear | Villager (Male) |
| 5:35 | Crear | Villager (Male) |
Build order — Alex
Primeras 150 de 583 acciones detectadas
| 0:44 | Construir | Town Center |
| 2:00 | Construir | House |
| 2:22 | Crear | Villager (Male) |
| 2:23 | Crear | Villager (Male) |
| 2:23 | Crear | Villager (Male) |
| 2:40 | Construir | House |
| 2:44 | Investigar | Loom |
| 2:44 | Crear | Villager (Male) |
| 3:00 | Crear | Villager (Male) |
| 3:17 | Construir | House |
| 3:24 | Crear | Villager (Male) |
| 3:50 | Crear | Villager (Male) |
| 3:59 | Crear | Villager (Male) |
| 4:48 | Crear | Villager (Male) |
| 5:23 | Crear | Villager (Male) |
| 5:29 | Construir | House |
| 6:01 | Crear | Villager (Male) |
| 6:16 | Crear | Villager (Male) |
| 6:47 | Crear | Villager (Male) |
| 7:10 | Construir | Mill |
| 7:12 | Crear | Villager (Male) |
| 7:38 | Crear | Villager (Male) |
| 8:02 | Crear | Villager (Male) |
| 8:03 | Construir | House |
| 8:35 | Investigar | Feudal Age |
| 9:01 | Construir | Mining Camp |
| 10:23 | Crear | Villager (Male) |
| 10:24 | Crear | Villager (Male) |
| 10:45 | Edad | Edad Feudal |
| 10:46 | Construir | Blacksmith |
| 10:49 | Construir | Market |
| 11:42 | Investigar | Castle Age |
| 11:42 | Investigar | Castle Age |
| 12:01 | Construir | Lumber Camp |
| 12:40 | Investigar | Double-Bit Axe |
| 12:45 | Investigar | Horse Collar |
| 12:49 | Construir | House |
| 12:57 | Crear | Villager (Male) |
| 13:55 | Construir | Farm |
| 13:58 | Crear | Villager (Male) |
| 14:15 | Crear | Villager (Male) |
| 14:22 | Edad | Edad de los Castillos |
| 14:24 | Construir | Town Center |
| 15:27 | Construir | Town Center |
| 15:29 | Crear | Villager (Male) |
| 15:40 | Construir | Farm |
| 15:46 | Crear | Villager (Male) |
| 15:54 | Construir | Farm |
| 16:01 | Crear | Villager (Male) |
| 16:16 | Construir | Farm |
| 16:18 | Construir | Farm |
| 16:35 | Construir | Farm |
| 16:37 | Crear | Villager (Male) |
| 16:45 | Construir | Farm |
| 16:56 | Crear | Villager (Male) ×2 |
| 17:09 | Construir | Farm |
| 17:16 | Construir | Farm |
| 17:19 | Crear | Villager (Male) |
| 17:25 | Crear | Villager (Male) |
| 17:32 | Construir | Farm |
| 17:35 | Crear | Villager (Male) |
| 17:40 | Construir | Farm |
| 17:46 | Crear | Villager (Male) ×2 |
| 17:51 | Construir | Farm |
| 17:53 | Crear | Villager (Male) |
| 18:11 | Construir | Castle |
| 18:14 | Crear | Villager (Male) |
| 18:22 | Construir | Farm |
| 18:29 | Crear | Villager (Male) |
| 18:35 | Construir | Farm |
| 18:37 | Crear | Villager (Male) |
| 18:53 | Crear | Villager (Male) |
| 18:57 | Construir | House |
| 19:02 | Construir | Farm |
| 19:02 | Construir | Farm |
| 19:03 | Construir | Farm |
| 19:06 | Crear | Villager (Male) ×2 |
| 19:11 | Construir | House |
| 19:12 | Construir | House |
| 19:13 | Construir | House |
| 19:14 | Construir | House |
| 19:19 | Crear | Villager (Male) ×3 |
| 19:26 | Crear | Villager (Male) |
| 19:36 | Construir | Farm |
| 19:41 | Crear | Villager (Male) ×2 |
| 19:52 | Crear | Villager (Male) ×3 |
| 19:56 | Construir | Farm |
| 20:06 | Crear | Villager (Male) |
| 20:08 | Construir | House |
| 20:12 | Construir | Farm |
| 20:24 | Crear | Villager (Male) ×5 |
| 20:38 | Crear | Villager (Male) ×2 |
| 20:40 | Construir | House |
| 20:49 | Crear | Villager (Male) ×2 |
| 21:02 | Crear | Villager (Male) ×5 |
| 21:05 | Construir | Farm |
| 21:09 | Construir | Farm |
| 21:13 | Construir | Farm |
| 21:24 | Crear | Villager (Male) ×4 |
| 21:28 | Construir | Farm |
| 21:31 | Construir | Farm |
| 21:31 | Construir | Farm |
| 21:32 | Construir | Farm |
| 21:32 | Construir | Farm |
| 21:39 | Crear | Villager (Male) |
| 21:51 | Construir | Farm |
| 21:57 | Investigar | Wheelbarrow |
| 22:00 | Crear | Villager (Male) ×4 |
| 22:19 | Construir | House |
| 22:20 | Construir | House |
| 22:23 | Construir | Farm |
| 22:41 | Crear | Villager (Male) ×5 |
| 23:25 | Construir | House |
| 23:38 | Construir | Town Center |
| 23:44 | Crear | Villager (Male) ×5 |
| 23:48 | Investigar | Hand Cart |
| 23:59 | Investigar | Gold Mining |
| 24:01 | Investigar | Bow Saw |
| 24:02 | Investigar | Heavy Plow |
| 24:04 | Investigar | Stone Mining |
| 24:06 | Crear | Villager (Male) ×4 |
| 24:18 | Construir | Farm |
| 24:25 | Construir | Farm |
| 24:26 | Construir | Farm |
| 24:26 | Construir | Farm |
| 24:27 | Construir | Farm |
| 24:28 | Construir | Farm |
| 24:29 | Construir | Farm |
| 24:31 | Construir | Farm |
| 24:32 | Construir | Farm |
| 24:34 | Construir | Farm |
| 24:43 | Crear | Villager (Male) ×5 |
| 25:02 | Construir | Outpost |
| 25:07 | Investigar | Town Watch |
| 25:09 | Crear | Villager (Male) |
| 25:09 | Crear | Villager (Male) |
| 25:13 | Crear | Villager (Male) |
| 25:13 | Crear | Villager (Male) |
| 25:13 | Crear | Villager (Male) |
| 25:41 | Construir | Monastery |
| 25:48 | Construir | University |
| 26:04 | Construir | Siege Workshop |
| 26:14 | Crear | Ballista Elephant |
| 26:14 | Crear | Ballista Elephant |
| 26:14 | Crear | Ballista Elephant |
| 26:17 | Crear | Villager (Male) |
| 26:19 | Crear | Villager (Male) ×5 |
| 26:28 | Construir | Mining Camp |
| 26:51 | Construir | Barracks |
| 26:55 | Crear | Villager (Male) ×5 |
Build order — Bob The Flop
Primeras 150 de 1213 acciones detectadas
| 1:37 | Construir | Town Center |
| 2:15 | Construir | House |
| 2:45 | Construir | House |
| 3:38 | Crear | Villager (Male) |
| 3:38 | Crear | Villager (Male) |
| 3:39 | Crear | Villager (Male) |
| 3:39 | Crear | Villager (Male) |
| 4:14 | Construir | House |
| 4:50 | Construir | House |
| 4:52 | Crear | Villager (Male) |
| 4:53 | Crear | Villager (Male) |
| 6:11 | Crear | Villager (Male) |
| 6:12 | Crear | Villager (Male) |
| 6:28 | Crear | Villager (Male) |
| 6:29 | Crear | Villager (Male) |
| 6:31 | Construir | Mill |
| 6:56 | Crear | Villager (Male) |
| 7:43 | Crear | Villager (Male) |
| 8:05 | Construir | Mining Camp |
| 8:25 | Crear | Villager (Male) |
| 9:03 | Crear | Villager (Male) |
| 9:10 | Investigar | Feudal Age |
| 9:52 | Construir | House |
| 9:53 | Construir | House |
| 9:59 | Construir | Lumber Camp |
| 10:21 | Crear | Villager (Male) |
| 10:23 | Crear | Villager (Male) |
| 10:54 | Construir | House |
| 10:57 | Construir | House |
| 11:00 | Construir | House |
| 11:03 | Construir | Palisade Wall |
| 11:11 | Crear | Villager (Male) |
| 11:12 | Crear | Villager (Male) |
| 11:41 | Edad | Edad Feudal |
| 11:43 | Construir | Market |
| 11:46 | Construir | Blacksmith |
| 12:28 | Construir | Mining Camp |
| 12:34 | Construir | Mining Camp |
| 12:35 | Investigar | Castle Age |
| 13:11 | Construir | House |
| 13:12 | Construir | House |
| 13:16 | Investigar | Double-Bit Axe |
| 14:25 | Construir | House |
| 14:26 | Construir | House |
| 14:55 | Crear | Villager (Male) |
| 14:55 | Crear | Villager (Male) |
| 15:15 | Edad | Edad de los Castillos |
| 15:17 | Construir | Town Center |
| 15:32 | Construir | Town Center |
| 15:35 | Crear | Villager (Male) |
| 15:36 | Crear | Villager (Male) |
| 16:07 | Crear | Villager (Male) |
| 16:08 | Crear | Villager (Male) |
| 16:35 | Crear | Villager (Male) |
| 16:40 | Investigar | Bow Saw |
| 17:11 | Construir | Pasture |
| 17:15 | Construir | Pasture |
| 17:17 | Crear | Villager (Male) |
| 17:21 | Crear | Villager (Male) |
| 17:37 | Construir | Pasture |
| 17:45 | Crear | Villager (Male) |
| 17:49 | Crear | Villager (Male) |
| 18:01 | Construir | Pasture |
| 18:06 | Construir | Pasture |
| 18:09 | Crear | Villager (Male) |
| 18:25 | Crear | Villager (Male) |
| 18:25 | Crear | Villager (Male) |
| 18:30 | Crear | Villager (Male) |
| 18:43 | Crear | Villager (Male) |
| 18:50 | Construir | Town Center |
| 18:53 | Crear | Villager (Male) |
| 18:53 | Crear | Villager (Male) |
| 18:54 | Crear | Villager (Male) |
| 19:08 | Crear | Villager (Male) |
| 19:13 | Crear | Villager (Male) |
| 19:25 | Crear | Villager (Male) |
| 19:26 | Crear | Villager (Male) |
| 19:33 | Crear | Villager (Male) |
| 19:42 | Construir | Town Center |
| 19:43 | Crear | Villager (Male) |
| 19:43 | Crear | Villager (Male) |
| 19:49 | Crear | Villager (Male) |
| 19:55 | Construir | Pasture |
| 20:05 | Investigar | Tech 1014 |
| 20:18 | Crear | Villager (Male) |
| 20:18 | Crear | Villager (Male) |
| 20:28 | Construir | Pasture |
| 20:29 | Crear | Villager (Male) |
| 20:34 | Construir | Pasture |
| 20:35 | Crear | Villager (Male) |
| 20:48 | Construir | Pasture |
| 20:49 | Crear | Villager (Male) |
| 20:55 | Crear | Villager (Male) |
| 21:01 | Construir | Pasture |
| 21:04 | Crear | Villager (Male) |
| 21:13 | Construir | Pasture |
| 21:14 | Crear | Villager (Male) |
| 21:21 | Construir | Pasture |
| 21:22 | Crear | Villager (Male) |
| 21:28 | Construir | House |
| 21:28 | Construir | House |
| 21:29 | Construir | House |
| 21:31 | Construir | House |
| 21:32 | Crear | Villager (Male) |
| 21:37 | Construir | Pasture |
| 21:38 | Crear | Villager (Male) |
| 21:46 | Construir | Pasture |
| 21:47 | Crear | Villager (Male) |
| 21:49 | Crear | Villager (Male) |
| 21:49 | Crear | Villager (Male) |
| 21:53 | Construir | Pasture |
| 21:55 | Crear | Villager (Male) |
| 22:01 | Construir | Pasture |
| 22:02 | Crear | Villager (Male) |
| 22:06 | Crear | Villager (Male) |
| 22:12 | Construir | Pasture |
| 22:13 | Crear | Villager (Male) |
| 22:20 | Construir | House |
| 22:21 | Construir | House |
| 22:22 | Construir | House |
| 22:23 | Construir | House |
| 22:23 | Crear | Villager (Male) |
| 22:24 | Crear | Villager (Male) |
| 22:27 | Crear | Villager (Male) |
| 22:31 | Crear | Villager (Male) |
| 22:35 | Construir | Pasture |
| 22:38 | Crear | Villager (Male) |
| 22:40 | Crear | Villager (Male) |
| 22:51 | Crear | Villager (Male) |
| 22:51 | Crear | Villager (Male) |
| 22:53 | Crear | Villager (Male) |
| 23:06 | Construir | Town Center |
| 23:07 | Crear | Villager (Male) |
| 23:07 | Crear | Villager (Male) |
| 23:07 | Crear | Villager (Male) |
| 23:13 | Construir | Outpost |
| 23:14 | Construir | Outpost |
| 23:15 | Construir | Outpost |
| 23:17 | Construir | Outpost |
| 23:18 | Construir | Outpost |
| 23:19 | Construir | Outpost |
| 23:21 | Investigar | Wheelbarrow |
| 23:22 | Investigar | Loom |
| 23:24 | Crear | Villager (Male) |
| 23:29 | Crear | Villager (Male) |
| 23:38 | Construir | Pasture |
| 23:39 | Crear | Villager (Male) |
| 23:40 | Crear | Villager (Male) |
| 23:40 | Crear | Villager (Male) |
| 23:54 | Investigar | Town Watch |
Build order — Goldies
Primeras 150 de 850 acciones detectadas
| 1:31 | Construir | Town Center |
| 5:18 | Construir | Mill |
| 6:00 | Crear | Villager (Male) ×2 |
| 6:33 | Investigar | Loom |
| 6:34 | Crear | Villager (Male) |
| 7:02 | Construir | House |
| 7:03 | Construir | House |
| 7:04 | Construir | House |
| 7:52 | Construir | Outpost |
| 8:00 | Construir | Outpost |
| 8:04 | Construir | Outpost |
| 8:08 | Construir | Outpost |
| 8:35 | Crear | Villager (Male) ×5 |
| 8:47 | Construir | House |
| 9:23 | Construir | Lumber Camp |
| 10:08 | Construir | Outpost |
| 11:10 | Investigar | Feudal Age |
| 11:18 | Construir | Barracks |
| 11:46 | Construir | House |
| 11:48 | Construir | House |
| 11:51 | Construir | House |
| 11:52 | Construir | House |
| 11:55 | Construir | House |
| 13:20 | Edad | Edad Feudal |
| 13:28 | Crear | Villager (Male) |
| 13:28 | Crear | Villager (Male) |
| 14:09 | Crear | Villager (Male) |
| 14:39 | Construir | Stone Wall |
| 15:10 | Construir | Stone Wall |
| 16:07 | Construir | Blacksmith |
| 16:47 | Construir | Stable |
| 17:40 | Investigar | Castle Age |
| 18:26 | Construir | Stone Wall |
| 18:32 | Construir | Gate |
| 19:04 | Investigar | Double-Bit Axe |
| 19:07 | Investigar | Horse Collar |
| 19:45 | Construir | Mining Camp |
| 20:20 | Edad | Edad de los Castillos |
| 20:26 | Crear | Villager (Male) ×5 |
| 20:26 | Crear | Villager (Male) ×3 |
| 20:43 | Construir | Farm |
| 20:45 | Construir | Farm |
| 20:49 | Construir | Farm |
| 20:50 | Construir | Farm |
| 20:54 | Construir | Farm |
| 20:58 | Construir | Farm |
| 21:02 | Construir | Farm |
| 21:03 | Construir | Farm |
| 21:05 | Construir | Farm |
| 21:06 | Construir | Farm |
| 21:07 | Construir | Farm |
| 21:09 | Construir | Farm |
| 21:10 | Construir | Farm |
| 21:12 | Construir | Farm |
| 22:11 | Construir | House |
| 22:12 | Construir | House |
| 22:13 | Construir | House |
| 22:14 | Construir | House |
| 22:21 | Crear | Villager (Male) |
| 22:22 | Crear | Villager (Male) |
| 22:31 | Construir | Farm |
| 22:33 | Construir | Farm |
| 22:36 | Construir | Farm |
| 22:37 | Construir | Farm |
| 23:00 | Construir | Stone Wall |
| 23:24 | Crear | Villager (Male) |
| 23:24 | Crear | Villager (Male) |
| 24:54 | Construir | Town Center |
| 25:34 | Construir | Town Center |
| 25:40 | Crear | Villager (Male) ×5 |
| 25:41 | Crear | Villager (Male) ×5 |
| 25:41 | Crear | Villager (Male) ×5 |
| 26:25 | Investigar | Heavy Plow |
| 27:00 | Crear | Villager (Male) ×5 |
| 27:01 | Crear | Villager (Male) ×2 |
| 27:27 | Construir | Stone Wall |
| 27:37 | Crear | Villager (Male) |
| 27:38 | Crear | Villager (Male) |
| 27:41 | Investigar | Bow Saw |
| 28:21 | Construir | Farm |
| 28:25 | Construir | Farm |
| 28:29 | Construir | Farm |
| 28:31 | Construir | Farm |
| 28:33 | Construir | Farm |
| 28:36 | Construir | Farm |
| 28:40 | Construir | Farm |
| 29:03 | Construir | Mill |
| 29:07 | Crear | Villager (Male) ×5 |
| 29:07 | Crear | Villager (Male) ×4 |
| 29:39 | Crear | Villager (Male) ×4 |
| 30:15 | Construir | Town Center |
| 30:32 | Crear | Villager (Male) |
| 30:33 | Crear | Villager (Male) |
| 30:35 | Crear | Villager (Male) |
| 30:36 | Crear | Villager (Male) |
| 30:38 | Crear | Villager (Male) |
| 30:39 | Crear | Villager (Male) |
| 30:55 | Crear | Knight ×2 |
| 32:24 | Crear | Villager (Male) |
| 32:24 | Crear | Villager (Male) |
| 32:24 | Crear | Villager (Male) |
| 32:30 | Construir | Farm |
| 32:32 | Construir | Farm |
| 32:33 | Construir | Farm |
| 32:36 | Construir | Farm |
| 32:38 | Construir | Farm |
| 32:41 | Construir | Farm |
| 32:43 | Construir | Farm |
| 32:47 | Crear | Villager (Male) |
| 32:47 | Crear | Villager (Male) |
| 32:56 | Construir | Mining Camp |
| 33:08 | Construir | Castle |
| 33:12 | Investigar | Fletching |
| 33:15 | Investigar | Padded Archer Armor |
| 33:20 | Crear | Villager (Male) ×5 |
| 33:20 | Crear | Villager (Male) ×5 |
| 33:46 | Investigar | Stone Mining |
| 33:55 | Investigar | Wheelbarrow |
| 35:06 | Construir | Siege Workshop |
| 35:07 | Construir | Siege Workshop |
| 35:09 | Construir | Siege Workshop |
| 35:13 | Construir | Siege Workshop |
| 35:36 | Construir | University |
| 35:43 | Investigar | Imperial Age |
| 35:46 | Crear | Villager (Male) ×2 |
| 35:57 | Construir | Mill |
| 36:00 | Construir | Farm |
| 36:03 | Construir | Farm |
| 36:04 | Construir | Farm |
| 36:05 | Construir | Farm |
| 36:06 | Construir | Farm |
| 36:08 | Construir | Farm |
| 36:15 | Investigar | Forging |
| 36:17 | Crear | Villager (Male) ×3 |
| 36:22 | Crear | Villager (Male) |
| 36:33 | Crear | Villager (Male) |
| 36:35 | Crear | Villager (Male) |
| 36:51 | Construir | Barracks |
| 36:53 | Construir | Barracks |
| 36:54 | Construir | Barracks |
| 37:01 | Investigar | Town Watch |
| 37:02 | Crear | Villager (Male) ×5 |
| 37:02 | Crear | Villager (Male) ×5 |
| 37:14 | Construir | Siege Workshop |
| 37:16 | Construir | Siege Workshop |
| 37:25 | Investigar | Fortified Wall (upgrade) |
| 37:28 | Investigar | Scale Mail Armor |
| 38:06 | Investigar | Pikeman (upgrade) |
| 38:11 | Crear | Knight ×5 |
| 38:14 | Investigar | Bloodlines |
Cronología de la partida
| 1:17 | DM astropolis · wall_segment Palisade Wall x1 |
| 1:20 | DM astropolis · wall_segment Palisade Wall x1 |
| 1:25 | DM astropolis · wall_segment Palisade Wall x1 |
| 1:29 | DM astropolis · wall_segment Palisade Wall x1 |
| 6:29 | DM astropolis · first_building Barracks |
| 9:09 | zeus · age_up feudal |
| 10:12 | gabrieldemarmiesse · age_up feudal |
| 10:45 | Alex · age_up feudal |
| 11:03 | Bob The Flop · wall_segment Palisade Wall x2 |
| 11:18 | Goldies · first_building Barracks |
| 11:41 | Bob The Flop · age_up feudal |
| 12:23 | DM astropolis · age_up feudal |
| 13:20 | Goldies · age_up feudal |
| 13:35 | DM astropolis · first_market_sell 100 wood |
| 13:50 | Bob The Flop · first_market_buy 100 stone |
| 13:56 | zeus · wall_segment Palisade Wall x1 |
| 14:06 | ntp5545 · first_building Barracks |
| 14:07 | gabrieldemarmiesse · age_up castle |
| 14:22 | Alex · age_up castle |
| 14:36 | ntp5545 · wall_segment Stone Wall x9 |
| 14:39 | Goldies · wall_segment Stone Wall x7 |
| 14:49 | zeus · first_building Barracks |
| 14:57 | zeus · age_up castle |
| 15:01 | zeus · first_market_sell 100 food |
| 15:07 | zeus · first_market_buy 100 stone |
| 15:10 | Goldies · wall_segment Stone Wall x1 |
| 15:15 | Bob The Flop · age_up castle |
| 15:18 | zeus · first_building Castle |
| 15:20 | ntp5545 · wall_segment Stone Wall x1 |
| 15:50 | zeus · first_building Siege Workshop |
| 16:43 | DM astropolis · age_up castle |
| 16:47 | Goldies · first_building Stable |
| 16:52 | Alex · first_market_sell 100 stone |
| 16:53 | Alex · first_market_buy 100 food |
| 17:03 | DM astropolis · first_building Siege Workshop |
| 18:11 | Alex · first_building Castle |
| 18:24 | ntp5545 · wall_segment Stone Wall x8 |
| 18:26 | Goldies · wall_segment Stone Wall x12 |
| 18:43 | ntp5545 · wall_segment Stone Wall x4 |
| 18:54 | DM astropolis · first_market_buy 100 food |
| 19:35 | DM astropolis · first_building Castle |
| 20:20 | Goldies · age_up castle |
| 20:47 | DM astropolis · resign |
| 21:30 | zeus · wall_segment Palisade Wall x3 |
| 21:42 | ntp5545 · first_market_buy 100 food |
| 21:47 | ntp5545 · first_market_sell 100 wood |
| 22:46 | ntp5545 · first_building Archery Range |
| 22:50 | zeus · first_building Monastery |
| 23:00 | Goldies · wall_segment Stone Wall x5 |
| 23:44 | gabrieldemarmiesse · first_building Monastery |
| 24:21 | gabrieldemarmiesse · first_building Siege Workshop |
| 24:28 | gabrieldemarmiesse · first_building Barracks |
| 25:25 | Bob The Flop · first_building Castle |
| 25:31 | gabrieldemarmiesse · first_building Stable |
| 25:41 | Alex · first_building Monastery |
| 26:04 | Alex · first_building Siege Workshop |
| 26:25 | zeus · first_building Stable |
| 26:51 | Alex · first_building Barracks |
| 27:00 | ntp5545 · first_building Castle |
| 27:18 | Bob The Flop · wall_segment Stone Wall x1 |
| 27:27 | Goldies · wall_segment Stone Wall x9 |
| 27:56 | Alex · first_building Stable |
| 29:44 | gabrieldemarmiesse · age_up imperial |
| 29:45 | Bob The Flop · first_market_sell 100 food |
| 30:15 | Alex · age_up imperial |
| 30:25 | gabrieldemarmiesse · first_building Castle |
| 30:38 | Bob The Flop · first_building Barracks |
| 30:41 | ntp5545 · first_building Stable |
| 30:43 | gabrieldemarmiesse · first_market_buy 500 stone |
| 30:56 | Bob The Flop · first_building Monastery |
| 31:03 | gabrieldemarmiesse · first_market_sell 500 wood |
| 32:14 | Alex · wall_segment Stone Wall x6 |
| 32:21 | Alex · wall_segment Stone Wall x16 |
| 33:03 | Bob The Flop · first_building Archery Range |
| 33:04 | Bob The Flop · age_up imperial |
| 33:08 | Goldies · first_building Castle |
| 34:01 | zeus · age_up imperial |
| 34:43 | zeus · first_building Archery Range |
| 35:04 | gabrieldemarmiesse · first_building Archery Range |
| 35:06 | Goldies · first_building Siege Workshop |
| 36:01 | Alex · wall_segment Stone Wall x4 |
| 36:09 | Alex · wall_segment Stone Wall x7 |
| 36:13 | Alex · wall_segment Stone Wall x2 |
| 36:15 | Alex · wall_segment Stone Wall x15 |
| 36:18 | Alex · wall_segment Stone Wall x5 |
| 36:18 | Bob The Flop · first_building Siege Workshop |
| 36:26 | zeus · wall_segment Stone Wall x10 |
| 36:28 | ntp5545 · wall_segment Stone Wall x17 |
| 36:42 | ntp5545 · wall_segment Stone Wall x5 |
| 38:17 | Bob The Flop · first_building Stable |
| 38:34 | zeus · wall_segment Stone Wall x9 |
| 38:38 | zeus · wall_segment Stone Wall x24 |
| 38:40 | zeus · wall_segment Stone Wall x6 |
| 38:53 | Goldies · age_up imperial |
| 39:12 | ntp5545 · first_building Siege Workshop |
| 40:47 | zeus · wall_segment Stone Wall x6 |
| 41:03 | zeus · wall_segment Stone Wall x14 |
| 41:08 | zeus · wall_segment Stone Wall x6 |
| 41:57 | gabrieldemarmiesse · wall_segment Stone Wall x6 |
| 42:18 | Goldies · wall_segment Stone Wall x25 |
| 42:41 | Goldies · wall_segment Stone Wall x8 |
| 42:55 | zeus · wall_segment Stone Wall x12 |
| 43:03 | zeus · wall_segment Stone Wall x5 |
| 43:15 | zeus · wall_segment Stone Wall x8 |
| 46:30 | zeus · wall_segment Stone Wall x3 |
| 46:38 | Goldies · wall_segment Stone Wall x21 |
| 47:32 | zeus · wall_segment Stone Wall x6 |
| 47:34 | zeus · wall_segment Stone Wall x27 |
| 47:55 | Goldies · wall_segment Stone Wall x25 |
| 49:37 | zeus · wall_segment Stone Wall x8 |
| 49:39 | zeus · wall_segment Stone Wall x16 |
| 50:04 | zeus · wall_segment Stone Wall x10 |
| 50:14 | zeus · wall_segment Stone Wall x10 |
| 50:15 | zeus · wall_segment Stone Wall x11 |
| 50:24 | zeus · wall_segment Stone Wall x8 |
| 50:33 | zeus · wall_segment Stone Wall x14 |
| 50:35 | zeus · wall_segment Stone Wall x12 |
| 50:40 | zeus · wall_segment Stone Wall x13 |
| 52:21 | zeus · wall_segment Stone Wall x1 |
| 52:47 | Goldies · wall_segment Stone Wall x10 |
| 53:10 | zeus · wall_segment Stone Wall x16 |
| 53:23 | zeus · wall_segment Stone Wall x5 |
| 54:06 | Goldies · first_building Archery Range |
| 56:39 | Goldies · wall_segment Stone Wall x7 |
| 60:04 | Alex · wall_segment Stone Wall x10 |
| 60:14 | Alex · wall_segment Stone Wall x7 |
| 70:24 | Alex · wall_segment Palisade Wall x10 |
| 74:29 | zeus · wall_segment Stone Wall x1 |
| 77:18 | zeus · wall_segment Stone Wall x11 |
| 78:09 | Goldies · wall_segment Stone Wall x41 |
| 78:16 | Goldies · wall_segment Stone Wall x13 |
| 78:52 | zeus · wall_segment Stone Wall x1 |
| 86:04 | zeus · wall_segment Stone Wall x24 |
| 93:30 | Goldies · wall_segment Stone Wall x12 |
| 97:25 | zeus · wall_segment Stone Wall x22 |
| 99:12 | ntp5545 · wall_segment Stone Wall x5 |
| 99:18 | zeus · wall_segment Stone Wall x18 |
| 99:19 | zeus · wall_segment Stone Wall x3 |
| 99:20 | ntp5545 · wall_segment Stone Wall x3 |
| 104:35 | zeus · wall_segment Stone Wall x12 |
| 104:36 | zeus · wall_segment Stone Wall x7 |
| 104:37 | zeus · wall_segment Stone Wall x12 |
| 105:05 | zeus · wall_segment Stone Wall x1 |
| 105:49 | zeus · wall_segment Stone Wall x1 |
| 110:00 | Goldies · wall_segment Stone Wall x122 |
| 112:19 | zeus · wall_segment Stone Wall x5 |
| 113:48 | Goldies · wall_segment Stone Wall x3 |
| 117:53 | zeus · wall_segment Stone Wall x14 |
| 119:29 | Goldies · wall_segment Stone Wall x57 |
| 121:23 | zeus · wall_segment Stone Wall x17 |
| 127:52 | Goldies · wall_segment Stone Wall x9 |
| 128:10 | Goldies · wall_segment Stone Wall x9 |
| 130:24 | Goldies · wall_segment Stone Wall x16 |
| 133:35 | Goldies · wall_segment Stone Wall x19 |
| 133:51 | Goldies · first_market_sell 500 wood |
| 133:54 | Goldies · first_market_buy 500 wood |
| 135:47 | Goldies · wall_segment Stone Wall x20 |
| 135:53 | Goldies · wall_segment Stone Wall x6 |
| 161:12 | Goldies · wall_segment Stone Wall x5 |
| 164:31 | Goldies · wall_segment Stone Wall x8 |
[ ANÁLISIS IA · 1 CRÉDITO ]
¿Qué pasó realmente en esta partida?
Wolo.gg analiza cada decisión: build order, eco, micro, errores típicos por bracket. Análisis personalizado por WhatsApp o Discord en 30 segundos.
Guía civ
Mongoles
Perfil
Jugador #9324446